 Dungeon Crawl Stone Soup version 0.26.1-2-gb8aa6d0cf2 (webtiles) character file.

Game seed: 14779262243230187383

107234 Cykl0x the Fencer (level 15, -1/133 (136) HPs)
             Began as a Minotaur Fighter on Mar 24, 2021.
             Was a High Priest of the Shining One.
             Slain by an orc high priest
             ... wielding a +0 glaive
              (14 damage)
             ... while paralysed by an orc sorcerer
             ... on level 2 of the Orcish Mines on Mar 25, 2021.
             The game lasted 00:50:33 (27375 turns).

Cykl0x the Fencer (Minotaur Fighter)               Turns: 27375, Time: 00:50:34

HP:   -1/133 (136)  AC: 27    Str: 26    XL:     15   Next: 99%
MP:   3/23          EV:  2    Int:  5    God:    the Shining One [*****.]
Gold: 3230          SH:  0    Dex: 11    Spells: 14/14 levels left

rFire    + . .     SeeInvis +   M - +9 long sword of Evil {protect, SInv}
rCold    + . .     Faith    .   c - +1 kite shield
rNeg     + + .     Spirit   .   j - +3 chain mail {rF+}
rPois    .         Reflect  .   (helmet restricted)
rElec    .         Harm     .   P - scarf {repulsion}
rCorr    +         Rampage  .   O - +3 pair of gauntlets of War {Slay+5}
Will     +....                  (no boots)
Stlth    ..........             h - amulet of the acrobat
HPRegen  0.32/turn              w - ring of protection from cold
MPRegen  0.18/turn              v - ring of resist corrosion

@: paralysed, divine shield, protection aura, glowing, lightly drained, repel
missiles
A: retaliatory headbutt, horns 2
a: Renounce Religion, Divine Shield, Cleansing Flame, Summon Divine Warrior


You were on level 2 of the Orcish Mines.
You worshipped the Shining One.
The Shining One was extremely pleased with you.
You visited 3 branches of the dungeon, and saw 23 of its levels.
You also visited: Sewer, Gauntlet and Volcano.

You collected 4209 gold pieces.
You spent 979 gold pieces at shops.

Inventory:

Hand Weapons
 g - a +1 falchion of flaming
 M - the +9 long sword of Evil (weapon) {protect, SInv}
   (You found it on level 5 of the Lair of Beasts)

   It grants its wielder temporary protection when it strikes (+7 to AC).
   It lets you see invisible.
 R - a +2 long sword of electrocution
Missiles
 x - 19 curare-tipped darts
 C - 4 javelins
 N - 3 boomerangs
 V - 14 silver javelins (quivered)
Armour
 b - the +3 pair of gloves of Qirrus Sequd {*Contam rPois rC+ Str+5}
   (You found it on level 1 of the Lair of Beasts)

   It affects your strength (+5).
   It protects you from cold.
   It protects you from poison.
   It causes magical contamination when unequipped.
 c - a +1 kite shield (worn)
 j - a +3 chain mail of fire resistance (worn)
 t - a +0 chain mail
 O - the +3 pair of gauntlets of War (worn) {Slay+5}
   (You bought it in a shop on level 11 of the Dungeon)

   It affects your accuracy and damage with ranged weapons and melee attacks
   (+5).
 P - a scarf of repulsion (worn)
 T - the +2 pair of gloves of Subjectivity {rElec rN+}
   (You found it in a Gauntlet)

   It insulates you from electricity.
   It protects you from negative energy.
Jewellery
 f - a +4 ring of evasion
 h - an amulet of the acrobat (around neck)
 p - a +6 ring of intelligence
 v - a ring of resist corrosion (right hand)
 w - a ring of protection from cold (left hand)
 A - a +4 ring of evasion
 D - an uncursed ring of protection from fire
 Q - an uncursed ring of protection from fire
 S - an uncursed ring of protection from cold
Wands
 l - a wand of paralysis (7)
 s - a wand of flame (74)
 B - a wand of iceblast (41)
 F - a wand of enslavement (24)
 K - a wand of disintegration (40)
 Y - a wand of polymorph (9)
Scrolls
 i - 18 scrolls of remove curse
 q - 7 scrolls of teleportation
 r - 3 scrolls of magic mapping
 u - 2 scrolls of fog
 y - 5 scrolls of blinking
 z - 6 scrolls of identify
 E - 3 scrolls of enchant weapon
 G - 8 scrolls of amnesia
 I - 3 scrolls of fear
 J - 2 scrolls of holy word
Potions
 a - 7 potions of flight
 d - 3 potions of might
 e - 4 potions of resistance
 k - 2 potions of heal wounds
 m - 6 potions of mutation
 n - 5 potions of lignification
 o - 7 potions of curing
 H - 4 potions of brilliance
 L - 7 potions of haste
 X - 4 potions of berserk rage
 Z - a potion of magic {unknown}


   Skills:
 + Level 13.4 Fighting
 + Level 18.1 Long Blades
 + Level 7.0 Throwing
 + Level 14.4 Armour
 + Level 6.3 Dodging
 + Level 15.3 Shields
 * Level 12.9 Invocations


You had 14 spell levels left.
You didn't know any spells.
Your spell library contained the following spells:

 Spells                   Type           Power        Failure   Level
 Animate Skeleton         Necr           0%           91%         1
 Apportation              Tloc           0%           91%         1
 Beastly Appendage        Tmut           0%           91%         1
 Pain                     Necr           0%           91%         1
 Wereblood                Tmut           0%           97%         2
 Lesser Beckoning         Tloc           0%           99%         3
 Portal Projectile        Hex/Tloc       0%           99%         3
 Spider Form              Tmut/Pois      0%           99%         3
 Tukima's Dance           Hex            0%           99%         3
 Vampiric Draining        Necr           0%           99%         3
 Animate Dead             Necr           0%           100%        4
 Ice Form                 Ice/Tmut       0%           100%        4
 Agony                    Necr           0%           100%        5
 Alistair's Intoxication  Tmut/Pois      0%           100%        5
 Blade Hands              Tmut           0%           100%        5
 Fireball                 Conj/Fire      0%           100%        5
 Summon Demon             Summ           0%           100%        5
 Summon Forest            Summ/Tloc      0%           100%        5
 Summon Mana Viper        Hex/Summ       0%           100%        5
 Invisibility             Hex            0%           100%        6
 Shadow Creatures         Summ           N/A          100%        6
 Summon Hydra             Summ           0%           100%        7


Dungeon Overview and Level Annotations

Branches:
Dungeon (15/15)            Temple (0/1) D:4            Lair (6/6) D:9
 Shoals (0/4) Lair:4        Snake (0/4) Lair:4        Slime (0/5) Lair:6
    Orc (2/2) D:11            Elf (0/3) Orc:2        Vaults (0/5) D:14
 Depths (0/5) D:15          Sewer (visited)         Volcano (visited)
Gauntlet (visited)

Altars:
Ashenzari
Cheibriados
Dithmenos
Elyvilon
Hepliaklqana
Makhleb
Okawaru
Ru
Trog
Uskayaw
Wu Jian
Xom
Yredelemnul
Zin
The Shining One
Beogh
Jiyva

Shops:
D:7 [   D:10 !   D:11 [   D:15 !   Orc:2 [(::[

Portals:
Hell: Lair:6


Innate Abilities, Weirdness & Mutations

You reflexively headbutt those who attack you in melee.
You have a pair of horns on your head.


Message History

The orc high priest hits you but does no damage.
The orc knight roars a battlecry!
The orc high priest goes into a battle-frenzy!
The orange demon stings you but does no damage.
The orc sorcerer casts a spell at you. The bolt of negative energy hits you.
You partially resist.
You feel drained.
* * * LOW HITPOINT WARNING * * *
The orc priest no longer looks unusually strong.
The orc knight no longer looks unusually strong.
Your angel hits the orc knight but does no damage.
Your angel barely misses the orc knight.
The orc priest calls upon Beogh to heal the orc sorcerer.
The orc sorcerer is healed somewhat.
The red devil hits you but does no damage.
The orc knight roars a battlecry!
The orc priest goes into a battle-frenzy!
The orange demon stings you but does no damage.
The orc sorcerer hits you but does no damage.
The orc high priest hits you from afar with a +0 glaive!
You die...

............#.# ## ...
............###
.☼....# ..##
............# ......#
### .....#......##
÷.÷÷.÷# .......[#....#
.÷...#
.....)..##...####....#
.........#...)##44o..#
#........##..).)oo.#
##...)....##..)A@o##
#..#.......##..)###
......)....######
#....†..#.##
#....)).#.##
#..........#
##.....)..##
#.....)))## ##.#..#)##


You could see an orc knight, an orc high priest (strong), an orange demon
(summoned), an orc sorcerer (strong), a red devil (summoned), an orc priest
(strong) and a friendly angel (summoned).

Vanquished Creatures
  Kirke (D:11)
  Gastronok (D:12)
  The ghost of kelmiir the Thaumaturge, a journeyman GnEE of Sif Muna (Lair:5)
  Nessos (Orc:2)
  A minotaur (Gauntlet)
  Snorg (D:14)
  A yaktaur captain (D:15)
  9 hydras
  2 rakshasas
  3 catoblepae
  2 boulder beetles
  2 dancing weapons (D:14)
  4 centaur warriors
  9 two-headed ogres
  21 death yaks
  3 ogre magi
  A hell hog (Gauntlet)
  2 tengu warriors
  2 orc high priests (Orc:2)
  Nergalle (D:10)
  2 skeletal warriors (D:15)
  A hell knight (Volcano)
  A sixfirhy (Lair:6)
  2 unseen horrors
  2 wizards
  A wolf spider zombie (D:14)
  3 orc knights
  A deep elf mage (D:10)
  4 orc sorcerers
  2 oklob plants
  3 cyclopes
  5 ugly things (D:14)
  5 slime creatures
  A manticore (D:13)
  An elephant (Lair:6)
  2 black mambas
  4 centaur zombies
  15 cane toads
  A smoke demon (Lair:6)
  An orange demon (Lair:6)
  3 gargoyles
  16 komodo dragons
  9 rime drakes
  2 ice devils (Lair:6)
  2 red devils (Lair:6)
  7 trolls
  A hornet (D:11)
  5 polar bears
  Grinder (D:5)
  15 blink frogs
  6 dream sheep (Lair:6)
  2 shadows
  2 vampires
  4 wyverns
  3 wraiths
  26 yaks
  2 fire bats (Gauntlet)
  4 basilisks
  4 hogs (D:11)
  2 vampire mosquitoes (D:12)
  2 wargs (Orc:2)
  4 nagas (Lair:4)
  4 hell hounds
  22 water moccasins
  4 ice beasts
  A sky beast (D:6)
  A phantom (D:11)
  A black bear (shapeshifter) (D:15)
  3 black bears
  2 eyes of draining
  13 orc warriors
  A necrophage (D:8)
  20 centaurs
  7 ogres
  5 wolves
  7 boggarts
  4 big kobolds
  9 bullfrogs
  A wyvern zombie (D:14)
  A water moccasin zombie (D:11)
  2 wyvern skeletons
  4 scorpions
  2 water moccasin skeletons
  60 killer bees
  4 jellies
  17 wights
  9 howler monkeys
  2 bullfrog zombies
  4 crimson imps (D:4)
  7 hounds
  7 orc priests
  5 centaur skeletons
  10 orc wizards
  4 bullfrog skeletons
  18 iguanas
  4 worker ants
  2 hound skeletons (D:4)
  2 worker ant zombies
  11 adders
  3 river rats
  2 shadow imps
  2 white imps
  2 ufetubi (D:5)
  4 oozes (D:6)
  An adder zombie (D:6)
  An adder skeleton (D:4)
  5 worms
  A dart slug (D:1)
  15 leopard geckos
  72 orcs
  5 bats
  7 giant cockroaches
  5 goblins
  5 hobgoblins
  4 jackals
  4 quokkas
  2 ball pythons
  9 frilled lizards
  24 kobolds
  A leopard gecko skeleton (D:5)
  10 rats
  A bush (Lair:2)
712 creatures vanquished.

Vanquished Creatures (collateral kills)
  A catoblepas (Gauntlet)
  A skeletal warrior (D:15)
  An orc knight (Orc:2)
  A molten gargoyle (Gauntlet)
  2 gargoyles (Gauntlet)
6 creatures vanquished.

Vanquished Creatures (others)
  A red devil (Lair:6)
  2 orc wizards (Orc:2)
  2 demonic plants (Gauntlet)
  38 fungi
  23 plants
  8 toadstools (D:6)
  19 withered plants (Gauntlet)
93 creatures vanquished.

Grand Total: 811 creatures vanquished

Notes
Turn   | Place    | Note
-------+----------+-------------------------------------------
     0 | D:1      | Cykl0x the Minotaur Fighter began the quest for the Orb.
     0 | D:1      | Reached XP level 1. HP: 19/19 MP: 0/0
   204 | D:1      | Reached XP level 2. HP: 27/27 MP: 1/1
   922 | D:2      | Reached skill level 1 in Dodging
  1065 | D:2      | Reached XP level 3. HP: 33/33 MP: 2/2
  1203 | D:2      | Found a broken altar of Ashenzari.
  1273 | D:2      | Reached skill level 3 in Long Blades
  1395 | D:2      | Found a sacrificial altar of Ru.
  1407 | D:2      | Found a bloodstained altar of Trog.
  1785 | D:3      | Reached XP level 4. HP: 34/40 MP: 3/3
  1938 | D:3      | Found a glowing golden altar of the Shining One.
  1942 | D:3      | Became a worshipper of the Shining One
  2025 | D:3      | Found a glowing drain.
  2029 | Sewer    | Entered a sewer
  2151 | Sewer    | Noticed a big kobold
  2161 | Sewer    | Killed a big kobold
  2162 | Sewer    | Reached skill level 1 in Invocations
  2162 | Sewer    | Reached XP level 5. HP: 46/46 MP: 4/4
  2168 | Sewer    | Reached skill level 4 in Long Blades
  2197 | Sewer    | Found a white marble altar of Elyvilon.
  2901 | D:4      | Found a snail-covered altar of Cheibriados.
  2970 | D:4      | Reached XP level 6. HP: 48/53 MP: 4/6
  3049 | D:4      | Reached skill level 5 in Shields
  3059 | D:4      | Found a shimmering altar of Xom.
  3075 | D:4      | Reached skill level 5 in Long Blades
  3133 | D:4      | Reached skill level 5 in Armour
  3143 | D:4      | Reached skill level 1 in Throwing
  3462 | D:4      | Found a hazy altar of Hepliaklqana.
  3462 | D:4      | Reached * piety under the Shining One
  3548 | D:4      | Reached XP level 7. HP: 56/60 MP: 7/7
  3811 | D:4      | Found a staircase to the Ecumenical Temple.
  3978 | D:5      | Entered Level 5 of the Dungeon
  4126 | D:5      | Noticed Grinder
  4136 | D:5      | Paralysed by Grinder for 2 turns
  4138 | D:5      | Killed Grinder
  4138 | D:5      | Reached ** piety under the Shining One
  4139 | D:5      | Reached skill level 6 in Long Blades
  4341 | D:5      | Reached XP level 8. HP: 52/67 MP: 9/9
  5061 | D:6      | Reached skill level 5 in Fighting
  5061 | D:6      | Reached skill level 7 in Long Blades
  5347 | D:6      | Noticed a slime creature
  5348 | D:6      | Noticed a slime creature
  5348 | D:6      | Noticed a slime creature
  5436 | D:6      | Found a glowing silver altar of Zin.
  5800 | D:7      | Reached skill level 8 in Long Blades
  5881 | D:7      | Found Sahyrin's Antique Armour Emporium.
  5996 | D:7      | Identified a scroll of acquirement
  5996 | D:7      | Acquired a manual of Long Blades
  6047 | D:7      | Found a shadowy altar of Dithmenos.
  6181 | D:7      | Reached XP level 9. HP: 70/74 MP: 11/11
  6476 | D:7      | Reached skill level 9 in Long Blades
  6653 | D:8      | Reached skill level 5 in Invocations
  6982 | D:8      | Reached skill level 10 in Long Blades
  7172 | D:8      | Reached *** piety under the Shining One
  7571 | D:9      | Reached skill level 11 in Long Blades
  7665 | D:9      | HP: 3/75 [large slime creature (18)]
  7668 | D:9      | Killed a large slime creature
  7669 | D:9      | Reached XP level 10. HP: 19/84 MP: 13/13
  7955 | D:9      | Acquired 611 gold pieces
  8029 | D:9      | Found a basalt altar of Yredelemnul.
  8105 | D:9      | Found an ornate altar of the Wu Jian Council.
  8166 | D:9      | Found a staircase to the Lair.
  8181 | D:9      | Reached skill level 12 in Long Blades
  8617 | D:9      | Found a white marble altar of Elyvilon.
  8866 | D:9      | Noticed a two-headed ogre
  8873 | D:9      | Killed a two-headed ogre
  9144 | D:10     | Entered Level 10 of the Dungeon
  9227 | D:10     | Noticed Nergalle
  9241 | D:10     | Killed Nergalle
  9457 | D:10     | Found Siun's Distillery.
  9460 | D:10     | Bought a potion of degeneration for 11 gold pieces
  9460 | D:10     | Bought a potion of cancellation for 88 gold pieces
  9460 | D:10     | Bought a potion of heal wounds for 55 gold pieces
  9634 | D:10     | Reached skill level 13 in Long Blades
  9643 | D:10     | Got a bloodstained rapier
  9643 | D:10     | Identified the +4 rapier of Equilibrium {freeze, rElec rN+
                  | Will-} (You found it on level 10 of the Dungeon)
  9649 | D:10     | Found a white marble altar of Elyvilon.
  9890 | D:10     | Noticed a deep elf mage
  9899 | D:10     | Killed a deep elf mage
 10597 | D:11     | Reached XP level 11. HP: 45/92 MP: 15/15
 10740 | D:11     | Reached **** piety under the Shining One
 11026 | D:11     | Noticed a boulder beetle
 11034 | D:11     | Killed a boulder beetle
 11035 | D:11     | Found a hide-covered altar of Uskayaw.
 11035 | D:11     | Found an ornate altar of the Wu Jian Council.
 11172 | D:11     | Reached skill level 14 in Long Blades
 11561 | D:11     | Noticed an orc knight
 11600 | D:11     | Killed an orc knight
 11611 | D:11     | Found a roughly hewn altar of Beogh.
 11611 | D:11     | Found a staircase to the Orcish Mines.
 12173 | D:11     | Found Enokh's Armour Boutique.
 12184 | D:11     | Bought the +3 pair of gauntlets of War {Slay+5} for 617
                  | gold pieces
 12184 | D:11     | Found the +3 pair of gauntlets of War {Slay+5}
 12568 | D:12     | Reached skill level 10 in Armour
 12762 | D:12     | Noticed a six-headed hydra
 12873 | D:12     | Noticed Kirke
 12933 | D:11     | Killed a one-headed hydra
 12939 | D:11     | Reached skill level 10 in Shields
 13136 | D:11     | Killed Kirke
 13137 | D:11     | Reached XP level 12. HP: 103/103 MP: 14/17
 13270 | D:12     | Noticed Gastronok
 13298 | D:12     | Killed Gastronok
 13299 | D:12     | Reached skill level 15 in Long Blades
 14080 | D:13     | Reached ***** piety under the Shining One
 14481 | D:13     | Noticed a four-headed hydra
 14488 | D:13     | Killed a two-headed hydra
 14598 | D:13     | Noticed a rakshasa
 14605 | D:13     | Killed a rakshasa
 14606 | D:13     | Reached skill level 5 in Dodging
 14791 | D:13     | Noticed a six-headed hydra
 14797 | D:13     | Killed a one-headed hydra
 15047 | D:13     | Noticed a centaur warrior
 15056 | D:13     | Killed a centaur warrior
 15058 | D:13     | Reached skill level 10 in Fighting
 15187 | D:14     | Noticed Snorg
 15198 | D:14     | Killed Snorg
 15287 | D:14     | Noticed a seven-headed hydra
 15302 | D:14     | Killed a one-headed hydra
 15303 | D:14     | Reached XP level 13. HP: 94/113 MP: 19/19
 15413 | D:14     | Reached skill level 16 in Long Blades
 15833 | D:14     | Reached skill level 10 in Invocations
 16013 | D:14     | Found a gate to the Vaults.
 16883 | D:15     | Entered Level 15 of the Dungeon
 16943 | D:15     | Reached skill level 5 in Throwing
 16958 | D:15     | Identified the +7 hand axe "Siq Ybu" {vorpal, rPois Str+3
                  | Dex-3}
 16979 | D:15     | Found Qitud's Distillery.
 16995 | D:15     | Found an iron altar of Okawaru.
 17001 | D:15     | Found a gate leading to a gauntlet.
 17014 | Gauntlet | Entered a Gauntlet
 17014 | Gauntlet | Found a transporter.
 17014 | Gauntlet | Found a transporter.
 17148 | Gauntlet | Found a transporter.
 17148 | Gauntlet | Found a transporter.
 17158 | Gauntlet | Found a transporter.
 17175 | Gauntlet | Found a transporter.
 17181 | Gauntlet | Found a large runed translucent door.
 17182 | Gauntlet | Found a large runed translucent door.
 17184 | Gauntlet | Found a runed translucent gate.
 17185 | Gauntlet | Found a transporter.
 17185 | Gauntlet | Found a transporter.
 17185 | Gauntlet | Found a runed translucent gate.
 17186 | Gauntlet | Found a runed translucent gate.
 17188 | Gauntlet | Found a large runed translucent door.
 17189 | Gauntlet | Found a large runed translucent door.
 17255 | Gauntlet | Found a transporter.
 17270 | Gauntlet | Found a transporter.
 17283 | Gauntlet | Found a transporter.
 17365 | Gauntlet | Found a transporter.
 17376 | Gauntlet | Found a transporter.
 17392 | Gauntlet | Found a transporter.
 17405 | Gauntlet | Found a transporter.
 17407 | Gauntlet | Found a large runed translucent door.
 17407 | Gauntlet | Found a large runed translucent door.
 17408 | Gauntlet | Found a large runed translucent door.
 17408 | Gauntlet | Found a large runed translucent door.
 17409 | Gauntlet | Found a large runed translucent door.
 17409 | Gauntlet | Found a large runed translucent door.
 17409 | Gauntlet | Found a runed translucent door.
 17409 | Gauntlet | Found a runed translucent door.
 17409 | Gauntlet | Found a large runed translucent door.
 17410 | Gauntlet | Found a large runed translucent door.
 17413 | Gauntlet | Found a large runed translucent door.
 17413 | Gauntlet | Found a large runed translucent door.
 17415 | Gauntlet | Found a large runed translucent door.
 17415 | Gauntlet | Found a large runed translucent door.
 17588 | Gauntlet | Found a transporter.
 17667 | Gauntlet | Got a pair of fine gloves
 17677 | Gauntlet | Identified the +2 pair of gloves of Subjectivity {rElec
                  | rN+} (You found it in a Gauntlet)
 17702 | Gauntlet | Identified the +10 battleaxe of the Piercing Owl
                  | {antimagic, rF+ Str+2}
 17702 | Gauntlet | Noticed a minotaur
 17731 | Gauntlet | Killed a minotaur
 17732 | Gauntlet | Reached XP level 14. HP: 35/125 MP: 7/21
 18347 | D:15     | Found a staircase to the Depths.
 18508 | D:15     | Bought a potion of heal wounds for 80 gold pieces
 18508 | D:15     | Bought a potion of berserk rage for 80 gold pieces
 18508 | D:15     | Bought a potion of curing for 48 gold pieces
 18890 | Lair:1   | Entered Level 1 of the Lair of Beasts
 19001 | Lair:1   | Acquired 889 gold pieces
 19414 | Lair:1   | Got a pair of spiked gloves
 19424 | Lair:1   | Identified the +3 pair of gloves of Qirrus Sequd {*Contam
                  | rPois rC+ Str+5} (You found it on level 1 of the Lair of
                  | Beasts)
 20760 | Lair:3   | Found a dark tunnel.
 20769 | Volcano  | Entered a volcano
 20789 | Volcano  | Found a burning altar of Makhleb.
 20802 | Volcano  | Reached skill level 17 in Long Blades
 21159 | Lair:3   | Got a twitching golden ring
 21161 | Lair:3   | Identified the ring of Xemaxt {+Blink EV+4} (You found it
                  | on level 3 of the Lair of Beasts)
 22177 | Lair:3   | Acquired 656 gold pieces
 22399 | Lair:4   | Reached ****** piety under the Shining One
 22414 | Lair:4   | Reached XP level 15. HP: 134/134 MP: 22/22
 22592 | Lair:4   | Found a staircase to the Snake Pit.
 23240 | Lair:4   | Found a staircase to the Shoals.
 23812 | Lair:5   | Noticed kelmiir's ghost (journeyman GnEE)
 23992 | Lair:5   | Found a transporter.
 24012 | Lair:5   | Found a transporter.
 24590 | Lair:5   | Killed kelmiir's ghost
 24647 | Lair:5   | Got an iridescent long sword
 24647 | Lair:5   | Identified the +9 long sword of Evil {protect, SInv} (You
                  | found it on level 5 of the Lair of Beasts)
 25142 | Lair:6   | Entered Level 6 of the Lair of Beasts
 25680 | Lair:6   | Found a staircase to the Slime Pits.
 25681 | Lair:6   | Found a viscous altar of Jiyva.
 26050 | Lair:6   | Reached skill level 18 in Long Blades
 26137 | Lair:6   | Reached skill level 15 in Shields
 26162 | Lair:6   | Found a burning altar of Makhleb.
 26247 | Lair:6   | Found a gateway to Hell.
 26254 | Lair:6   | Identified the Tome of Ensnaring Fire
 26730 | Orc:1    | Entered Level 1 of the Orcish Mines
 26743 | Orc:1    | You fall into a shaft and drop 1 floor!
 26743 | Orc:2    | Entered Level 2 of the Orcish Mines
 26743 | Orc:2    | Found Katol's Armour Shoppe.
 26743 | Orc:2    | Noticed Nessos
 26831 | Orc:2    | Found Umaoghec's Book Shop.
 26849 | Orc:2    | Killed Nessos
 26899 | Orc:2    | Found a staircase to the Elven Halls.
 26963 | Orc:2    | Found Ixofoble's Weapon Shoppe.
 27141 | Orc:2    | Found Nosuihoz's Book Emporium.
 27256 | Orc:2    | Found Cohaew's Armour Boutique.
 27371 | Orc:2    | Paralysed by an orc sorcerer for 7 turns
 27375 | Orc:2    | Slain by an orc high priest

Illustrated notes

Levels and vault maps discovered:
D:1:      amcnicky_arrival_wind_blow, layout_basic
D:2:      layout_basic, chequers_temple_overflow_statue_of_worship,
          lemuel_round_altar, kennysheep_boxes
D:3:      layout_loops_ring, tso_oasis_becter, lightli_sewer_entry_pipes,
          grunt_decor_mini_mirrors
D:4:      layout_gridville, led_xom_imps, lemuel_round_altar,
          lemuel_crystal_altar, minmay_temple_entry_nine_rooms,
          hangedman_abyss_or_decor_lesser_grid
D:5:      layout_gridville, uniq_grinder
D:6:      cheibrodos_fertilizer, layout_basic, lemuel_crystal_altar
D:7:      layout_basic, general_overflow_altar, serial_shops,
          nicolae_shop_behind_doors
D:8:      layout_rooms
D:9:      layout_loops_corners, kennysheep_ying_yang, nzn_wu_jian_contemplation,
          david_lair_shrubbed
D:10:     layout_basic, serial_shops, shop, basic_altar, uniq_nergalle
D:11:     wad_woods_minihive, layout_basic, david_orc_5, serial_shops, shop,
          nzn_masters_of_martial_movement
D:12:     layout_big_octagon, uniq_gastronok, uniq_kirke
D:13:     layout_basic
D:14:     layout_loops_cross, erik_vaults_1, minivault_26, uniq_snorg
D:15:     hangedman_depths_entry_civil_slaughter, layout_irregular_city,
          gauntlet_entry_generic, serial_shops, nicolae_shop_waterfront,
          okawaru_ov_weapons_minmay
Lair:1:   layout_roguey
Lair:2:   layout_loops_ring, minmay_lair_oklob_bushes,
          infiniplex_staircase_pool_2
Lair:3:   layout_cave_pods, enter_volcano_1, st_stairs_8, grunt_megastairs_1
Lair:4:   layout_cave_pods, shoals_dummy_entry,
          minmay_snake_entry_guardpost_small, lemuel_fruit_tree
Lair:5:   lemuel_reptile_caves, layout_cave_pods, nzn_ghost_randoct
Lair:6:   evil_forest, layout_big_grid, slime_altar_1, kilobyte_rumbling_trees
Orc:1:    layout_caves, serial_shops, nicolae_shop_stone,
          mumra_transporter_accident
Orc:2:    grunt_orc_tribal_feast, layout_caves, serial_shops, shop,
          nicolae_shop_stone, shop_statue, shop, nicolae_shop_crystal,
          uniq_nessos

Skill      XL: |  1  2  3  4  5  6  7  8  9 10 11 12 13 14 15 |
---------------+----------------------------------------------+-----
Dodging        | 1 2 3 4 5 6 |  6.3
Shields        | 4 5 6 7 8 10 11 13 14 15 | 15.3
Fighting       | 4 5 6 7 8 10 11 12 13 | 13.4
Long Blades    | 3 4 5 6 8 11 13 14 15 16 17 18 | 18.1
Armour         | 4 5 6 8 9 11 12 13 14 | 14.4
Invocations    | 1 2 3 4 5 7 8 9 10 11 12 | 12.9
Throwing       | 1 2 3 5 6 7 |  7.0

Action                   |  1- 3 |  4- 6 |  7- 9 | 10-12 | 13-15 || total
-------------------------+-------+-------+-------+-------+-------++-------
Melee: Long sword        |    78 |    39 |    18 |   561 |   932 ||  1628
       Headbutt          |    12 |    30 |    62 |   111 |   253 ||   468
       Falchion          |       |   122 |   260 |    25 |    34 ||   441
Throw: Stone             |    22 |    26 |    20 |     3 |     3 ||    74
       Javelin           |       |       |       |    27 |    74 ||   101
       Dart              |       |       |       |     5 |    20 ||    25
Invok: Divine Shield     |       |       |       |     2 |     8 ||    10
       Cleansing Flame   |       |       |       |     1 |     6 ||     7
       Summon Divine War |       |       |       |       |     4 ||     4
  Use: Scroll            |     9 |     5 |     6 |     3 |    13 ||    36
       Potion            |       |       |     2 |     2 |     8 ||    12
Armor: Scale mail        |    24 |    25 |       |       |       ||    49
       Chain mail        |       |    44 |    74 |   152 |   296 ||   566
Dodge: Dodged            |    22 |    70 |    65 |   198 |   310 ||   665
       Repelled          |       |       |       |       |     5 ||     5
Block: Kite shield       |    52 |    88 |   121 |   354 |   643 ||  1258
       Rpst.: Long sword |     4 |     5 |       |    53 |    52 ||   114
       Falchion          |       |    10 |    17 |     3 |     2 ||    32
